MID
HAGERSTOWN SUNS @ FORT WAYNE TINCAPS
06/19/2047
 
TOP OF THE 1ST
Hagerstown Suns batting - Pitching for Fort Wayne TinCaps : LHP James Knapp
Pitching: LHP James Knapp
Batting: RHB Bobby Bricker 0-0: Ball
1-0: Called Strike
1-1: Called Strike
1-2: SINGLE (Line Drive, 4D, EV 97.5 MPH)
Batting: RHB Leo Gutierrez 0-0: Called Strike
Bobby Bricker steals 2nd base
0-1: Ball
1-1: Foul Ball, location: 2F
1-2: Ball
2-2: Ball
3-2: Foul Ball, location: 2F
3-2: Foul Ball, location: 2F
3-2: Foul Ball, location: 2F
3-2: Ground out 4-3 (Groundball, 34, EV 81.9 MPH)
Bobby Bricker to third
Batting: RHB Bryan Wheeler 0-0: Fly out, F7 (Flyball, 7, EV 93.1 MPH)
Runner from 3rd tags up, SCORES, no throw by LF
Batting: RHB Deshawn Boseman 0-0: Foul Ball, location: 2F
0-1: Swinging Strike
0-2: Ball
1-2: Ball
2-2: Ball
3-2: Fly out, F5 (Popup, 56S, EV 78.8 MPH)
Top of the 1st over - 1 run, 1 hit, 0 errors, 0 left on base; Hagerstown 1 - Fort Wayne 0
BOTTOM OF THE 1ST
Fort Wayne TinCaps batting - Pitching for Hagerstown Suns : RHP Luis Astudillo
Pitching: RHP Luis Astudillo
Batting: RHB Dave McBain 0-0: SINGLE (Flyball, 34D, EV 91.2 MPH)
Batting: RHB Brian DeVoe 0-0: Ball
1-0: Ball
Dave McBain is caught stealing 2nd base 2-4
2-0: Called Strike
2-1: Ball
3-1: Base on Balls
Batting: LHB Carlos Cuellar 0-0: Ball
1-0: DOUBLE (Flyball, 89D, EV 91.9 MPH)
Brian DeVoe to third
Runner from 3rd tries for Home, SAFE, throw by RF to trailing runner, SAFE at third!
Batting: RHB Freddie Brown 0-0: Ball
1-0: Called Strike
1-1: Called Strike
1-2: Foul Ball, location: 2F
1-2: Foul Ball, location: 2F
1-2: Ball
2-2: Ball
3-2: Strikes out swinging, 2-3 out at first.
Batting: LHB Phil Lerner 0-0: Foul Ball, location: 2F
0-1: Foul Ball, location: 2F
0-2: Ball
1-2: Ball
2-2: Ground out 4-3 (Groundball, P, EV 87.5 MPH)
Bottom of the 1st over - 1 run, 2 hits, 0 errors, 1 left on base; Hagerstown 1 - Fort Wayne 1
TOP OF THE 2ND
Hagerstown Suns batting - Pitching for Fort Wayne TinCaps : LHP James Knapp
Batting: RHB Jesus Malave 0-0: Called Strike
0-1: Ground out 6-3 (Groundball, 6, EV 104.4 MPH)
Batting: RHB Tylor Cyr 0-0: Called Strike
0-1: SINGLE (Groundball, 6M, EV 100.0 MPH) (infield hit)
Batting: RHB Victor Cintron 0-0: Ball
1-0: Swinging Strike
1-1: Foul Ball, location: 2F
1-2: Strikes out swinging
Batting: RHB Peter Croston 0-0: Ball
1-0: Called Strike
1-1: Called Strike
1-2: Foul Ball, location: 2F
1-2: Foul Ball, location: 2F
1-2: Foul Ball, location: 2F
1-2: Fly out, F7 (Flyball, 7D, EV 95.0 MPH)
Top of the 2nd over - 0 runs, 1 hit, 0 errors, 1 left on base; Hagerstown 1 - Fort Wayne 1
BOTTOM OF THE 2ND
Fort Wayne TinCaps batting - Pitching for Hagerstown Suns : RHP Luis Astudillo
Batting: RHB John Freeman 0-0: Called Strike
0-1: Fly out, F8 (Flyball, 8LXD, EV 97.5 MPH)
Batting: RHB Phil McFadden 0-0: Called Strike
0-1: Foul Ball, location: 2F
0-2: Strikes out swinging
Batting: RHB Kyle Ashton 0-0: Called Strike
0-1: Ball
1-1: Swinging Strike
1-2: Strikes out swinging
Bottom of the 2nd over - 0 runs, 0 hits, 0 errors, 0 left on base; Hagerstown 1 - Fort Wayne 1
TOP OF THE 3RD
Hagerstown Suns batting - Pitching for Fort Wayne TinCaps : LHP James Knapp
Batting: RHB Jelexiz Cuenca 0-0: Ball
1-0: Ball
2-0: Called Strike
2-1: Fly out, F8 (Flyball, 8RM, EV 88.8 MPH)
Batting: RHB Bobby Bricker 0-0: Ball
1-0: Swinging Strike
1-1: Foul Ball, location: 2F
1-2: Ball
2-2: Ball
3-2: Base on Balls
Batting: RHB Leo Gutierrez 0-0: Swinging Strike
0-1: Ball
Bobby Bricker steals 2nd base
1-1: Swinging Strike
1-2: Ball
2-2: Strikes out looking
Batting: RHB Bryan Wheeler 0-0: Called Strike
0-1: Ground out 5-3 (Groundball, 56, EV 91.9 MPH)
Top of the 3rd over - 0 runs, 0 hits, 0 errors, 1 left on base; Hagerstown 1 - Fort Wayne 1
BOTTOM OF THE 3RD
Fort Wayne TinCaps batting - Pitching for Hagerstown Suns : RHP Luis Astudillo
Batting: RHB Ed Oake 0-0: Called Strike
0-1: Swinging Strike
0-2: Ball
1-2: Ball
2-2: Ball
3-2: Foul Ball, location: 2F
3-2: Fly out, F8 (Flyball, 8LM, EV 93.1 MPH)
Batting: RHB Dave McBain 0-0: Ball
1-0: Foul Ball, location: 2F
1-1: Ball
2-1: Ball
3-1: Bunt for hit to 13 - play at first, batter safe!
Batting: RHB Brian DeVoe 0-0: Called Strike
0-1: Ball
1-1: Swinging Strike
1-2: Ball
2-2: Foul Ball, location: 2F
2-2: Ball
3-2: Foul Ball, location: 2F
3-2: Hit by Pitch
Dave McBain to second
Batting: LHB Carlos Cuellar 0-0: Fly out, F6 (Line Drive, 6M, EV 72.5 MPH)
Batting: RHB Freddie Brown 0-0: Foul Ball, location: 2F
0-1: Called Strike
0-2: Ground out 4-3 (Groundball, 4S, EV 88.1 MPH)
Bottom of the 3rd over - 0 runs, 1 hit, 0 errors, 2 left on base; Hagerstown 1 - Fort Wayne 1
TOP OF THE 4TH
Hagerstown Suns batting - Pitching for Fort Wayne TinCaps : LHP James Knapp
Batting: RHB Deshawn Boseman 0-0: Ball
1-0: Foul Ball, location: 2F
1-1: Foul Ball, location: 2F
1-2: Ball
2-2: Ball
3-2: Strikes out looking
Batting: RHB Jesus Malave 0-0: Ball
1-0: Ball
2-0: Swinging Strike
2-1: DOUBLE (Line Drive, 7LM, EV 106.9 MPH)
Batting: RHB Tylor Cyr 0-0: Ball
1-0: Swinging Strike
1-1: Swinging Strike
1-2: Strikes out looking
Batting: RHB Victor Cintron 0-0: Ball
1-0: Called Strike
1-1: Foul Ball, location: 2F
1-2: Fly out, F5 (Popup, 5F, EV 76.2 MPH)
Top of the 4th over - 0 runs, 1 hit, 0 errors, 1 left on base; Hagerstown 1 - Fort Wayne 1
BOTTOM OF THE 4TH
Fort Wayne TinCaps batting - Pitching for Hagerstown Suns : RHP Luis Astudillo
Batting: LHB Phil Lerner 0-0: Ground out 2-3 (Groundball, 15S, EV 70.0 MPH)
Batting: RHB John Freeman 0-0: Foul Ball, location: 2F
0-1: Swinging Strike
0-2: Ball
1-2: Ball
2-2: Ball
3-2: DOUBLE (Line Drive, 89D, EV 106.2 MPH)
Batting: RHB Phil McFadden 0-0: Ball
1-0: Ball
2-0: Ball
3-0: Called Strike
3-1: Swinging Strike
3-2: Strikes out swinging
Batting: RHB Kyle Ashton 0-0: Swinging Strike
0-1: Swinging Strike
0-2: Ball
1-2: Strikes out swinging
Bottom of the 4th over - 0 runs, 1 hit, 0 errors, 1 left on base; Hagerstown 1 - Fort Wayne 1
TOP OF THE 5TH
Hagerstown Suns batting - Pitching for Fort Wayne TinCaps : LHP James Knapp
Batting: RHB Peter Croston 0-0: Ball
1-0: Ball
2-0: Ball
3-0: Called Strike
3-1: Foul Ball, location: 2F
3-2: SINGLE (Groundball, 4MD, EV 98.1 MPH)
Batting: RHB Jelexiz Cuenca 0-0: Swinging Strike
0-1: Foul Ball, location: 2F
0-2: Strikes out swinging
Batting: RHB Bobby Bricker 0-0: Ball
Wild Pitch!
Peter Croston to second
1-0: Called Strike
1-1: Ball
2-1: Foul Ball, location: 2F
2-2: Ground out 6-3 (Groundball, 6MS, EV 74.4 MPH)
Peter Croston to third
Batting: RHB Leo Gutierrez 0-0: SINGLE (Line Drive, 9S, EV 96.9 MPH)
Peter Croston scores
Batting: RHB Bryan Wheeler 0-0: Called Strike
Leo Gutierrez is caught stealing 2nd base 2-4
Top of the 5th over - 1 run, 2 hits, 0 errors, 0 left on base; Hagerstown 2 - Fort Wayne 1
BOTTOM OF THE 5TH
Fort Wayne TinCaps batting - Pitching for Hagerstown Suns : RHP Luis Astudillo
Batting: RHB Ed Oake 0-0: Foul Ball, location: 2F
0-1: Fly out, F9 (Flyball, 9, EV 95.0 MPH)
Batting: RHB Dave McBain 0-0: Ball
1-0: Ball
2-0: Ball
3-0: Called Strike
3-1: Fly out, F8 (Flyball, 8RD, EV 90.0 MPH)
Batting: RHB Brian DeVoe 0-0: Ball
1-0: Ground out 6-3 (Groundball, 6MD, EV 98.8 MPH)
Bottom of the 5th over - 0 runs, 0 hits, 0 errors, 0 left on base; Hagerstown 2 - Fort Wayne 1
TOP OF THE 6TH
Hagerstown Suns batting - Pitching for Fort Wayne TinCaps : LHP James Knapp
Batting: RHB Bryan Wheeler 0-0: Foul Ball, location: 2F
0-1: Ball
1-1: DOUBLE (Flyball, 89XD, EV 107.5 MPH)
Batting: RHB Deshawn Boseman 0-0: Called Strike
0-1: Foul Ball, location: 2F
0-2: Fly out, F3 (Popup, 3L, EV 70.6 MPH)
Batting: RHB Jesus Malave 0-0: Ball
1-0: Ball
Passed Ball!
Bryan Wheeler to third
2-0: Ball
3-0: Called Strike
3-1: Fly out, F7 (Line Drive, 7S, EV 104.4 MPH)
Batting: RHB Tylor Cyr 0-0: Ball
1-0: Called Strike
1-1: Ball
2-1: Foul Ball, location: 2F
2-2: Ball
3-2: Base on Balls
Pitching: LHP Tyler Kenney
Batting: RHB Victor Cintron 0-0: Foul Ball, location: 2F
0-1: Swinging Strike
0-2: Ball
1-2: Foul Ball, location: 2F
1-2: Strikes out swinging
Top of the 6th over - 0 runs, 1 hit, 0 errors, 2 left on base; Hagerstown 2 - Fort Wayne 1
BOTTOM OF THE 6TH
Fort Wayne TinCaps batting - Pitching for Hagerstown Suns : RHP Luis Astudillo
Batting: LHB Carlos Cuellar 0-0: Foul Ball, location: 2F
0-1: Swinging Strike
0-2: Ball
1-2: Ball
2-2: Foul Ball, location: 2F
2-2: Ball
3-2: Foul Ball, location: 2F
3-2: Ground out 4-3 (Groundball, 34, EV 101.9 MPH)
Batting: RHB Freddie Brown 0-0: Foul Ball, location: 2F
0-1: Fly out, F8 (Flyball, 8RXD, EV 96.2 MPH)
Batting: LHB Phil Lerner 0-0: SINGLE (Line Drive, 4D, EV 100.6 MPH)
Pitching: LHP Gregg Huddleston
Batting: RHB John Freeman 0-0: Ball
1-0: Fly out, F9 (Flyball, 9LM, EV 95.6 MPH)
Bottom of the 6th over - 0 runs, 1 hit, 0 errors, 1 left on base; Hagerstown 2 - Fort Wayne 1
TOP OF THE 7TH
Hagerstown Suns batting - Pitching for Fort Wayne TinCaps : LHP Tyler Kenney
Batting: RHB Peter Croston 0-0: Foul Ball, location: 2F
0-1: Ball
1-1: Foul Ball, location: 2F
1-2: Strikes out swinging
Batting: RHB Jelexiz Cuenca 0-0: Foul Ball, location: 2F
0-1: Fly out, F6 (Popup, 6, EV 78.8 MPH)
Batting: RHB Bobby Bricker 0-0: Called Strike
0-1: Swinging Strike
0-2: Fly out, F7 (Flyball, 7D, EV 105.0 MPH)
Top of the 7th over - 0 runs, 0 hits, 0 errors, 0 left on base; Hagerstown 2 - Fort Wayne 1
BOTTOM OF THE 7TH
Fort Wayne TinCaps batting - Pitching for Hagerstown Suns : LHP Gregg Huddleston
Batting: RHB Phil McFadden 0-0: Ball
1-0: Foul Ball, location: 2F
1-1: Foul Ball, location: 2F
1-2: Ground out 4-3 (Groundball, 4M, EV 89.4 MPH)
Batting: RHB Kyle Ashton 0-0: Fly out, F8 (Flyball, 8RM, EV 91.2 MPH)
Batting: RHB Ed Oake 0-0: Ball
1-0: Fly out, F8 (Line Drive, 8RM, EV 91.9 MPH)
Bottom of the 7th over - 0 runs, 0 hits, 0 errors, 0 left on base; Hagerstown 2 - Fort Wayne 1
TOP OF THE 8TH
Hagerstown Suns batting - Pitching for Fort Wayne TinCaps : LHP Tyler Kenney
Batting: RHB Leo Gutierrez 0-0: Ball
1-0: Swinging Strike
1-1: Ball
2-1: Swinging Strike
2-2: Ball
3-2: Strikes out looking
Batting: RHB Bryan Wheeler 0-0: Ball
1-0: Fly out, F8 (Flyball, 78S, EV 86.9 MPH)
Batting: RHB Deshawn Boseman 0-0: Called Strike
0-1: Ball
1-1: Swinging Strike
1-2: Strikes out swinging
Top of the 8th over - 0 runs, 0 hits, 0 errors, 0 left on base; Hagerstown 2 - Fort Wayne 1
BOTTOM OF THE 8TH
Fort Wayne TinCaps batting - Pitching for Hagerstown Suns : LHP Gregg Huddleston
Now in CF: Chance McWilliams
Batting: RHB Dave McBain 0-0: Called Strike
0-1: Ball
1-1: Foul Ball, location: 2F
1-2: Foul Ball, location: 2F
1-2: Ground out 6-3 (Groundball, 6, EV 76.2 MPH)
Batting: RHB Brian DeVoe 0-0: Foul Ball, location: 2F
0-1: SINGLE (Groundball, 6D, EV 95.6 MPH)
Pinch Hitting: RHB Tak-keung Chieu 0-0: Called Strike
0-1: Fly out, F7 (Line Drive, 78M, EV 99.4 MPH)
Batting: RHB Freddie Brown 0-0: Ball
1-0: Reached on error, E4 (Groundball, 34, EV 83.8 MPH)
Brian DeVoe to second
Pinch Hitting: RHB Hector Fernandez 0-0: Called Strike
0-1: Ball
1-1: Called Strike
1-2: Strikes out looking
Bottom of the 8th over - 0 runs, 1 hit, 1 error, 2 left on base; Hagerstown 2 - Fort Wayne 1
TOP OF THE 9TH
Hagerstown Suns batting - Pitching for Fort Wayne TinCaps : LHP Tyler Kenney
Now in LF: Tak-keung Chieu
Now in RF: Yutaro Takahashi
Batting: RHB Jesus Malave 0-0: Ball
1-0: Called Strike
1-1: Ball
2-1: Fly out, F8 (Flyball, 8LM, EV 88.1 MPH)
Batting: RHB Tylor Cyr 0-0: Called Strike
0-1: Swinging Strike
0-2: Strikes out swinging
Batting: RHB Victor Cintron 0-0: Called Strike
0-1: Called Strike
0-2: Foul Ball, location: 2F
0-2: SOLO HOME RUN (Flyball, 78XD, EV 97.5 MPH), Distance : 399 ft
Batting: RHB Peter Croston 0-0: Called Strike
0-1: Called Strike
0-2: Ball
1-2: Ball
2-2: SINGLE (Groundball, 6MD, EV 95.0 MPH)
Batting: RHB Jelexiz Cuenca 0-0: SINGLE (Groundball, 4MD, EV 100.6 MPH)
Peter Croston to second
Runner from 2nd tries for 3rd, SAFE, throw by CF made to third
Batting: RHB Bobby Bricker 0-0: Called Strike
0-1: Ground out 4-3 (Groundball, 4, EV 98.1 MPH)
Top of the 9th over - 1 run, 3 hits, 0 errors, 2 left on base; Hagerstown 3 - Fort Wayne 1
BOTTOM OF THE 9TH
Fort Wayne TinCaps batting - Pitching for Hagerstown Suns : LHP Gregg Huddleston
Pitching: RHP Jordan Amaker
Batting: RHB John Freeman 0-0: Called Strike
0-1: Ball
1-1: Foul Ball, location: 2F
1-2: Foul Ball, location: 2F
1-2: Ball
2-2: Foul Ball, location: 2F
2-2: Foul Ball, location: 2F
2-2: Ground out 6-3 (Groundball, 6, EV 103.1 MPH)
Pinch Hitting: LHB Justin Alworth 0-0: Swinging Strike
0-1: Foul Ball, location: 2F
0-2: Strikes out swinging
Pinch Hitting: LHB Tony Contreras 0-0: Ball
1-0: Foul Ball, location: 2F
1-1: SINGLE (Groundball, 6S, EV 71.9 MPH) (infield hit)
Batting: RHB Ed Oake 0-0: Fielders Choice at 2nd, 6-4 (Groundball, 6, EV 86.9 MPH)
Bottom of the 9th over - 0 runs, 1 hit, 0 errors, 1 left on base; Hagerstown 3 - Fort Wayne 1
Thursday, December 15th , 2022 - OOTP Baseball 23.9 Build 102